AoeStats
← Tr3vorTW

African Clearing

510299594Analyzed
4v4 RM · 1d ago on Sep 30, 2026· 71m 10s· 8 players
Game mode
Random Map
Map size
Large (8 player)
Population
200
Speed
Normal
Resources
Standard
Victory
Conquest
Starting age
Dark Age
Ending age
Imperial Age
RankedLock teamsTeams togetherTeam positionsShared explorationLock speedFull tech treeHidden civsTurbo modeCheats
Victory
Defeat
🇨🇳 Koreans · China
1004
+16
998
+16
🇧🇷 Mongols · Brazil
991
+16
🇮🇳 Huns · India
980
+17
🇨🇳 Magyars · China
1028
-17
🇹🇼 Varangians · Taiwan
1024
-17
🇺🇸 Bohemians · United States
1008
-18
🇻🇳 Franks · Vietnam
921
-13
wlwz915964
7:43 Loom
10:25 Feudal Age
11:08 Double-Bit Axe
21:43 Castle Age
20:17 Stone Mining
23:36 Scale Barding Armor
23:41 Forging
23:36 Padded Archer Armor
23:27 Fletching
23:22 Horse Collar
24:54 Wheelbarrow
24:25 Husbandry
24:28 Gold Mining
25:17 Heavy Plow
28:09 Leather Archer Armor
28:09 Bodkin Arrow
30:08 Bloodlines
30:22 Hand Cart
43:07 Imperial Age
43:09 Elite Mangudai
44:13 Conscription
43:55 Nomads
43:18 Capped Ram
45:07 Chemistry
45:57 Bracer
46:20 Ballistics
45:52 Siege Ram
47:56 Thumb Ring
48:17 Parthian Tactics
50:13 Nomads
50:33 Drill
50:35 Conscription
52:57 Gold Shaft Mining
52:58 Stone Shaft Mining
55:09 Bow Saw
58:24 Parthian Tactics
58:05 Thumb Ring
快乐的小跑
13:57 Feudal Age
20:34 Castle Age
18:34 Double-Bit Axe
21:41 Squires
21:02 Pikeman
21:44 Loom
26:10 Pikeman
26:53 Horse Collar
31:34 Forging
31:15 Fletching
31:31 Scale Barding Armor
32:10 Husbandry
34:53 Iron Casting
34:23 Town Watch
40:31 Bloodlines
40:55 Heavy Plow
40:52 Stone Mining
40:53 Gold Mining
41:14 Bow Saw
44:34 Imperial Age
43:02 Town Patrol
43:38 Wheelbarrow
44:16 Chain Barding Armor
44:03 Marauders
46:22 Blast Furnace
46:01 Elite Tarkan
47:42 Plate Barding Armor
48:58 Bodkin Arrow
49:04 Padded Archer Armor
49:04 Scale Mail Armor
48:59 Halberdier
54:31 Chain Mail Armor
54:32 Leather Archer Armor
58:55 Bracer
64:30 Hand Cart
66:52 Leather Archer Armor
忒瑞
9:17 Loom
13:58 Feudal Age
18:55 Fletching
27:15 Castle Age
26:34 Double-Bit Axe
26:32 Horse Collar
26:59 Town Watch
29:07 Wheelbarrow
36:06 Town Patrol
36:03 Stone Mining
38:35 Stone Shaft Mining
37:51 Gold Mining
38:39 Bodkin Arrow
44:49 Imperial Age
43:00 Bow Saw
43:33 Gold Shaft Mining
43:10 Forging
43:00 Scale Mail Armor
44:29 Hand Cart
45:54 Eupseong
46:25 Conscription
47:12 Murder Holes
48:17 Chemistry
47:07 Elite Skirmisher
48:33 Masonry
49:27 Bracer
52:47 Architecture
53:17 Ballistics
53:09 Treadmill Crane
54:11 Heavy Plow
55:36 Chemistry
55:51 Iron Casting
55:16 Scale Mail Armor
54:52 Elite Fire Lancer
57:15 Arson
59:31 Squires
59:39 Squires
59:00 Pikeman
61:47 Chain Mail Armor
62:59 Halberdier
63:54 Heavy Rocket Cart
66:52 Two-Man Saw
70:09 Chemistry
68:55 Arrowslits
69:10 Light Cavalry
69:51 Husbandry
月がきれいですね
11:58 Loom
15:44 Feudal Age
20:00 Castle Age
17:52 Double-Bit Axe
18:57 Horse Collar
21:46 Bow Saw
23:15 Heavy Plow
25:33 Wheelbarrow
28:18 Gold Mining
28:20 Stone Mining
29:12 Hand Cart
32:42 Fletching
33:46 Bodkin Arrow
36:29 Treadmill Crane
39:44 Imperial Age
37:05 Town Watch
37:33 Forging
37:28 Scale Barding Armor
39:28 Iron Casting
40:42 Stone Shaft Mining
40:51 Chain Barding Armor
41:31 Blast Furnace
41:00 Conscription
40:02 Elite Monaspa
42:16 Crop Rotation
42:46 Plate Barding Armor
42:26 Aznauri Cavalry
43:04 Herbal Medicine
45:18 Hoardings
44:55 Masonry
45:46 Chemistry
44:54 Siege Engineers
45:50 Chemistry
47:14 Architecture
47:07 Ballistics
47:03 Svan Towers
47:33 Bracer
62:35 Guard Tower
62:31 Arrowslits
63:51 Keep
65:26 Murder Holes
kingjohnkk
8:02 Loom
15:34 Feudal Age
17:22 Wheelbarrow
17:13 Double-Bit Axe
24:58 Fishing Lines
31:12 Castle Age
31:56 Gillnets
32:39 Bow Saw
34:21 Town Watch
38:08 Imperial Age
40:23 Hand Cart
41:08 Elite Hussite Wagon
44:32 Conscription
44:19 Wagenburg Tactics
46:13 Two-Man Saw
47:35 Medium Warships
48:50 Chemistry
48:10 Ballistics
47:53 Town Patrol
48:05 Fortified Wall
48:06 Masonry
48:01 Siege Engineers
49:05 Capped Ram
50:25 Architecture
54:43 Scale Mail Armor
55:57 Squires
55:17 Pikeman
56:14 Chain Mail Armor
56:10 Forging
56:41 Arson
56:16 Halberdier
58:21 Plate Mail Armor
58:27 Iron Casting
60:57 Blast Furnace
Tr3vorTW
12:39 Feudal Age
12:38 Loom
17:19 Castle Age
16:29 Bloodlines
16:30 Double-Bit Axe
16:29 Horse Collar
22:16 Scale Barding Armor
24:25 Husbandry
25:33 Bow Saw
29:27 Chain Barding Armor
30:01 Herbal Medicine
32:00 Forging
34:40 Iron Casting
35:01 Vendel Legacy
36:22 Light Cavalry
40:47 Imperial Age
38:54 Wheelbarrow
39:09 Town Watch
40:02 Fletching
41:18 Hand Cart
41:07 Cavalier
42:43 Plate Barding Armor
43:31 Conscription
44:16 Blast Furnace
43:18 Scale Mail Armor
43:59 Squires
43:48 Arson
43:55 Gambesons
45:22 Pikeman
46:23 Elite Varangian Guard
48:10 Halberdier
49:41 Gothikon
54:02 Chain Mail Armor
57:03 Town Patrol
57:21 Chain Mail Armor
57:02 Bodkin Arrow
57:19 Caravan
57:59 Treadmill Crane
64:01 Plate Mail Armor
nm18
12:34 Loom
14:20 Feudal Age
16:17 Double-Bit Axe
19:31 Castle Age
20:05 Wheelbarrow
19:16 Town Watch
20:20 Stone Mining
26:01 Gold Mining
26:23 Bow Saw
30:19 Fletching
31:10 Bodkin Arrow
31:38 Hand Cart
33:20 Husbandry
35:32 Masonry
39:49 Imperial Age
40:27 Forging
40:23 Scale Barding Armor
40:40 Ballistics
40:01 Treadmill Crane
41:10 Architecture
41:49 Gold Shaft Mining
41:50 Iron Casting
42:19 Chemistry
41:15 Murder Holes
41:11 Cavalier
43:02 Chain Barding Armor
42:47 Paladin
46:51 Blast Furnace
46:27 Plate Barding Armor
47:22 Caravan
47:52 Coinage
49:04 Banking
52:17 Conscription
51:58 Chivalry
53:46 Fortified Wall
55:07 Siege Engineers
60:49 Ordonnance Companies
60:49 Elite Throwing Axeman
65:17 Guard Tower
70:30 Onager
dashjk
15:53 Feudal Age
17:54 Bloodlines
20:21 Loom
27:27 Castle Age
28:31 Horse Collar
28:34 Light Cavalry
29:52 Wheelbarrow
31:20 Scale Barding Armor
41:48 Imperial Age
39:04 Pikeman
41:20 Double-Bit Axe
44:18 Scale Mail Armor
46:21 Bow Saw
51:13 Halberdier
53:07 Chain Mail Armor
54:19 Arson
56:31 Hand Cart
57:13 Husbandry
58:07 Caravan
57:49 Hussar
61:59 Town Watch
63:59 Chain Barding Armor
65:57 Two-Man Saw
65:36 Plate Barding Armor
Connection lost

Rejoining the realm…

Still unreachable

The connection could not be restored.

Session expired

The server has moved on; the page needs a fresh start.